| TOP OF THE 1ST |
|
Billings Mustangs batting - Pitching for Helena Brewers : LHP Hiroshi Matsuda
|
|
Pitching: LHP Hiroshi Matsuda
|
|
|
Batting: LHB Clint Hanninen
|
0-0: Hit by Pitch
|
|
Batting: SHB Gustavo Froio
|
0-0: Ball 1-0: Grounds into double play, 1-6-3 (Groundball, 13S, EV 76.9 MPH)
|
|
Batting: RHB Rich Vanegas
|
0-0: Ground out U3 (Groundball, 34, EV 103.1 MPH)
|
| Top of the 1st over - 0 runs, 0 hits, 0 errors, 0 left on base; Billings 0 - Helena 0 |
| BOTTOM OF THE 1ST |
|
Helena Brewers batting - Pitching for Billings Mustangs : RHP Bayani Blanco
|
|
Pitching: RHP Bayani Blanco
|
|
|
Batting: LHB Andy Buschlen
|
0-0: SINGLE (Line Drive, 4D, EV 97.5 MPH)
|
|
Batting: RHB Manny Olave
|
0-0: Called Strike 0-1: Ball 1-1: Ball 2-1: DOUBLE (Groundball, 5L, EV 101.2 MPH) Andy Buschlen to third
|
|
Batting: RHB Austin Doig
|
0-0: Ball 1-0: Swinging Strike 1-1: Ball 2-1: Called Strike 2-2: Ball 3-2: Strikes out swinging
|
|
Batting: RHB Frank Pena
|
0-0: Ball 1-0: Ball 2-0: Called Strike 2-1: Fly out, F8 (Flyball, 8LM, EV 91.9 MPH)
|
|
Batting: LHB Alex Chairez
|
0-0: Called Strike 0-1: Ball 1-1: Ground out 1-3 (Groundball, 13S, EV 66.9 MPH)
|
| Bottom of the 1st over - 0 runs, 2 hits, 0 errors, 2 left on base; Billings 0 - Helena 0 |
| TOP OF THE 2ND |
|
Billings Mustangs batting - Pitching for Helena Brewers : LHP Hiroshi Matsuda
|
|
Batting: RHB Emanuel Estrada
|
0-0: Ball 1-0: Foul Ball, location: 2F 1-1: Foul Ball, location: 2F 1-2: Foul Ball, location: 2F 1-2: Ball 2-2: Strikes out swinging
|
|
Batting: RHB Alex Nagera
|
0-0: Ball 1-0: Ball 2-0: Foul Ball, location: 2F 2-1: DOUBLE (Flyball, 89D, EV 106.2 MPH)
|
|
Batting: LHB Jose Cruz
|
0-0: Ball 1-0: Foul Ball, location: 2F 1-1: Foul Ball, location: 2F 1-2: Ball Passed Ball! Alex Nagera to third 2-2: Foul Ball, location: 2F 2-2: Strikes out swinging
|
|
Batting: RHB Wayne Watson
|
0-0: Ball 1-0: Ball 2-0: Swinging Strike 2-1: Ball 3-1: Called Strike 3-2: Strikes out swinging
|
| Top of the 2nd over - 0 runs, 1 hit, 0 errors, 1 left on base; Billings 0 - Helena 0 |
| BOTTOM OF THE 2ND |
|
Helena Brewers batting - Pitching for Billings Mustangs : RHP Bayani Blanco
|
|
Batting: RHB Steve Errico
|
0-0: Ball 1-0: Fly out, F7 (Flyball, 78D, EV 95.6 MPH)
|
|
Batting: RHB Fernando Mejia
|
0-0: Foul Ball, location: 2F 0-1: Ball 1-1: Ball 2-1: Ground out 4-3 (Groundball, 4S, EV 86.9 MPH)
|
|
Batting: RHB Mohammed bin Ubaida
|
0-0: Ball 1-0: Ground out 6-3 (Groundball, 6M, EV 86.2 MPH)
|
| Bottom of the 2nd over - 0 runs, 0 hits, 0 errors, 0 left on base; Billings 0 - Helena 0 |
| TOP OF THE 3RD |
|
Billings Mustangs batting - Pitching for Helena Brewers : LHP Hiroshi Matsuda
|
|
Batting: RHB Ruben Cantu
|
0-0: Swinging Strike 0-1: Called Strike 0-2: Ball 1-2: Ball 2-2: Fly out, F6 (Line Drive, 4M, EV 65.0 MPH)
|
|
Batting: SHB Sal Esparza
|
0-0: Ball 1-0: Bunt missed! 1-1: Fly out, F9 (Flyball, 9LS, EV 81.9 MPH)
|
|
Batting: LHB Clint Hanninen
|
0-0: Foul Ball, location: 2F 0-1: SINGLE (Groundball, 34D, EV 103.8 MPH)
|
|
Batting: SHB Gustavo Froio
|
0-0: Ball 1-0: Called Strike 1-1: Ball 2-1: Ball 3-1: Ground out 5-3 (Groundball, 56S, EV 86.2 MPH)
|
| Top of the 3rd over - 0 runs, 1 hit, 0 errors, 1 left on base; Billings 0 - Helena 0 |
| BOTTOM OF THE 3RD |
|
Helena Brewers batting - Pitching for Billings Mustangs : RHP Bayani Blanco
|
|
Batting: RHB Justin Marino
|
0-0: Ball 1-0: Called Strike 1-1: Foul Ball, location: 2F 1-2: Ground out 6-3 (Groundball, 6, EV 101.9 MPH)
|
|
Batting: LHB Andy Buschlen
|
0-0: Ball 1-0: Called Strike 1-1: Called Strike 1-2: Ball 2-2: Foul Ball, location: 2F 2-2: Ground out 6-3 (Groundball, 6, EV 102.5 MPH)
|
|
Batting: RHB Manny Olave
|
0-0: Ball 1-0: Ball 2-0: SOLO HOME RUN (Flyball, 7D, EV 98.1 MPH), Distance : 365 ft
|
|
Batting: RHB Austin Doig
|
0-0: Ball 1-0: Hit by Pitch, AND HE CHARGES THE MOUND! The benches clear!
|
|
Pitching: RHP Finlay Clamp
|
|
|
Pinch Runner at 1st Daniel Pena:
|
|
|
Batting: RHB Frank Pena
|
0-0: Foul Ball, location: 2F 0-1: Foul Ball, location: 2F 0-2: Ball 1-2: Fly out, F8 (Flyball, 8RXD, EV 95.0 MPH)
|
| Bottom of the 3rd over - 1 run, 1 hit, 0 errors, 1 left on base; Billings 0 - Helena 1 |
| TOP OF THE 4TH |
|
Billings Mustangs batting - Pitching for Helena Brewers : LHP Hiroshi Matsuda
|
|
Now in LF: Daniel Pena
|
|
|
Batting: RHB Rich Vanegas
|
0-0: SOLO HOME RUN (Line Drive, 78XD, EV 115.0 MPH), Distance : 427 ft
|
|
Batting: RHB Emanuel Estrada
|
0-0: Ball 1-0: Foul Ball, location: 2F 1-1: SOLO HOME RUN (Flyball, 78XD, EV 105.0 MPH), Distance : 409 ft
|
|
Batting: RHB Alex Nagera
|
0-0: Called Strike 0-1: Ball 1-1: Foul Ball, location: 2F 1-2: Strikes out looking
|
|
Batting: LHB Jose Cruz
|
0-0: Swinging Strike 0-1: Ball 1-1: Ball 2-1: Swinging Strike 2-2: Foul Ball, location: 2F 2-2: Ball 3-2: Fly out, F8 (Flyball, 8RD, EV 94.4 MPH)
|
|
Batting: RHB Wayne Watson
|
0-0: Called Strike 0-1: Foul Ball, location: 2F 0-2: Ball 1-2: Foul Ball, location: 2F 1-2: Ball 2-2: Strikes out swinging
|
| Top of the 4th over - 2 runs, 2 hits, 0 errors, 0 left on base; Billings 2 - Helena 1 |
| BOTTOM OF THE 4TH |
|
Helena Brewers batting - Pitching for Billings Mustangs : RHP Finlay Clamp
|
|
Batting: LHB Alex Chairez
|
0-0: Called Strike 0-1: Fly out, F9 (Flyball, 9LM, EV 86.9 MPH)
|
|
Batting: RHB Steve Errico
|
0-0: Ball 1-0: Swinging Strike 1-1: Ball 2-1: Ball 3-1: Fly out, F8 (Flyball, 8LD, EV 78.1 MPH)
|
|
Batting: RHB Fernando Mejia
|
0-0: TRIPLE (Flyball, 78XD, EV 95.6 MPH)
|
|
Batting: RHB Mohammed bin Ubaida
|
0-0: Foul Ball, location: 2F 0-1: Ball 1-1: Ground out 6-3 (Groundball, 6, EV 78.1 MPH)
|
| Bottom of the 4th over - 0 runs, 1 hit, 0 errors, 1 left on base; Billings 2 - Helena 1 |
| TOP OF THE 5TH |
|
Billings Mustangs batting - Pitching for Helena Brewers : LHP Hiroshi Matsuda
|
|
Batting: RHB Ruben Cantu
|
0-0: Called Strike 0-1: Ball 1-1: Called Strike 1-2: Foul Ball, location: 2F 1-2: Ball 2-2: Strikes out swinging
|
|
Batting: SHB Sal Esparza
|
0-0: Ground out 1-3 (Groundball, P, EV 71.9 MPH)
|
|
Batting: LHB Clint Hanninen
|
0-0: Foul Ball, location: 2F 0-1: Ball 1-1: Called Strike 1-2: Ball 2-2: Ball 3-2: Base on Balls
|
|
Batting: SHB Gustavo Froio
|
0-0: Called Strike 0-1: Swinging Strike 0-2: Ball 1-2: Strikes out swinging
|
| Top of the 5th over - 0 runs, 0 hits, 0 errors, 1 left on base; Billings 2 - Helena 1 |
| BOTTOM OF THE 5TH |
|
Helena Brewers batting - Pitching for Billings Mustangs : RHP Finlay Clamp
|
|
Batting: RHB Justin Marino
|
0-0: Ball 1-0: Ball 2-0: Ball 3-0: Base on Balls
|
|
Batting: LHB Andy Buschlen
|
0-0: Called Strike 0-1: Ball 1-1: Foul Ball, location: 2F 1-2: Ball 2-2: Strikes out swinging
|
|
Pitching: LHP Alec Valencia
|
|
|
Batting: RHB Manny Olave
|
0-0: Fielders Choice at 2nd, 4-6 (Groundball, 34, EV 82.5 MPH)
|
|
Batting: RHB Daniel Pena
|
0-0: Ball 1-0: Ball 2-0: Ball 3-0: Base on Balls Manny Olave to second
|
|
Batting: RHB Frank Pena
|
0-0: Foul Ball, location: 2F 0-1: Swinging Strike 0-2: Foul Ball, location: 2F 0-2: Ball 1-2: Ball 2-2: Strikes out swinging
|
| Bottom of the 5th over - 0 runs, 0 hits, 0 errors, 2 left on base; Billings 2 - Helena 1 |
| TOP OF THE 6TH |
|
Billings Mustangs batting - Pitching for Helena Brewers : LHP Hiroshi Matsuda
|
|
Batting: RHB Rich Vanegas
|
0-0: Ball 1-0: Ball 2-0: Called Strike 2-1: Foul Ball, location: 2F 2-2: Strikes out swinging
|
|
Pitching: LHP Ramiro Lunas
|
|
|
Batting: RHB Emanuel Estrada
|
0-0: Ball 1-0: Ball 2-0: Ball 3-0: Called Strike 3-1: SINGLE (Line Drive, 78S, EV 102.5 MPH)
|
|
Batting: RHB Alex Nagera
|
0-0: Ball 1-0: Fly out, F9 (Flyball, 9, EV 83.8 MPH)
|
|
Batting: LHB Jose Cruz
|
0-0: Called Strike Emanuel Estrada is caught stealing 2nd base 2-6
|
| Top of the 6th over - 0 runs, 1 hit, 0 errors, 0 left on base; Billings 2 - Helena 1 |
| BOTTOM OF THE 6TH |
|
Helena Brewers batting - Pitching for Billings Mustangs : LHP Alec Valencia
|
|
Batting: LHB Alex Chairez
|
0-0: Ball 1-0: Ball 2-0: Called Strike 2-1: Swinging Strike 2-2: Ball 3-2: Foul Ball, location: 2F 3-2: Foul Ball, location: 2F 3-2: Base on Balls
|
|
Batting: RHB Steve Errico
|
0-0: Ball 1-0: Ball 2-0: Ball 3-0: Called Strike 3-1: 2-RUN HOME RUN (Flyball, 7D, EV 97.5 MPH), Distance : 368 ft
|
|
Batting: RHB Fernando Mejia
|
0-0: Called Strike 0-1: Ball 1-1: Foul Ball, location: 2F 1-2: Strikes out swinging
|
|
Pitching: RHP Jeff Buchanan
|
|
|
Batting: RHB Mohammed bin Ubaida
|
0-0: Ball 1-0: Ball 2-0: Ball 3-0: Base on Balls
|
|
Batting: RHB Justin Marino
|
0-0: Ball 1-0: Called Strike Mohammed bin Ubaida steals 2nd base 1-1: Ball 2-1: Foul Ball, location: 2F 2-2: Ball 3-2: DOUBLE (Flyball, 8LXD, EV 101.9 MPH) Mohammed bin Ubaida scores
|
|
Batting: LHB Andy Buschlen
|
0-0: Called Strike 0-1: Foul Ball, location: 2F 0-2: Foul Ball, location: 2F 0-2: Ball 1-2: Foul Ball, location: 2F 1-2: Strikes out looking
|
|
Batting: RHB Manny Olave
|
0-0: Intentional Walk
|
|
Batting: RHB Daniel Pena
|
0-0: Ball 1-0: Ball 2-0: Foul Ball, location: 2F 2-1: Foul Ball, location: 2F 2-2: Foul Ball, location: 2F 2-2: Ball 3-2: Strikes out swinging
|
| Bottom of the 6th over - 3 runs, 2 hits, 0 errors, 2 left on base; Billings 2 - Helena 4 |
| TOP OF THE 7TH |
|
Billings Mustangs batting - Pitching for Helena Brewers : LHP Ramiro Lunas
|
|
Batting: LHB Jose Cruz
|
0-0: Foul Ball, location: 2F 0-1: Called Strike 0-2: Ball 1-2: Ball 2-2: Foul Ball, location: 2F 2-2: Strikes out swinging
|
|
Batting: RHB Wayne Watson
|
0-0: Ball 1-0: Foul Ball, location: 2F 1-1: Ball 2-1: Foul Ball, location: 2F 2-2: Ground out U3 (Groundball, 34, EV 88.1 MPH)
|
|
Batting: RHB Ruben Cantu
|
0-0: Called Strike 0-1: Ball 1-1: Foul Ball, location: 2F 1-2: Strikes out swinging
|
| Top of the 7th over - 0 runs, 0 hits, 0 errors, 0 left on base; Billings 2 - Helena 4 |
| BOTTOM OF THE 7TH |
|
Helena Brewers batting - Pitching for Billings Mustangs : RHP Jeff Buchanan
|
|
Batting: RHB Frank Pena
|
0-0: Called Strike 0-1: DOUBLE (Line Drive, 7LM, EV 102.5 MPH)
|
|
Batting: LHB Alex Chairez
|
0-0: Intentional Walk
|
|
Pitching: RHP Juan Oliveros
|
|
|
Batting: RHB Steve Errico
|
0-0: Called Strike 0-1: Called Strike 0-2: Strikes out swinging
|
|
Batting: RHB Fernando Mejia
|
0-0: Ball 1-0: Ball 2-0: DOUBLE (Flyball, 8RXD, EV 94.4 MPH) Frank Pena scores Alex Chairez to third Runner from 3rd tries for Home, SAFE, throw by CF to home
|
|
Batting: RHB Mohammed bin Ubaida
|
0-0: Ball 1-0: Ball 2-0: Fly out, F3 (Popup, 3S, EV 80.0 MPH)
|
|
Batting: RHB Justin Marino
|
0-0: Called Strike 0-1: Swinging Strike 0-2: Ball 1-2: Foul Ball, location: 2F 1-2: Ball 2-2: Foul Ball, location: 2F 2-2: Ball 3-2: Base on Balls
|
|
Batting: LHB Andy Buschlen
|
0-0: Ball 1-0: Ball 2-0: Foul Ball, location: 2F 2-1: Swinging Strike 2-2: Strikes out swinging
|
| Bottom of the 7th over - 2 runs, 2 hits, 0 errors, 2 left on base; Billings 2 - Helena 6 |
| TOP OF THE 8TH |
|
Billings Mustangs batting - Pitching for Helena Brewers : LHP Ramiro Lunas
|
|
Batting: SHB Sal Esparza
|
0-0: Ball 1-0: Foul Ball, location: 2F 1-1: Called Strike 1-2: Ball 2-2: Foul Ball, location: 2F 2-2: Foul Ball, location: 2F 2-2: Ground out 6-3 (Groundball, 56, EV 108.1 MPH)
|
|
Batting: LHB Clint Hanninen
|
0-0: Ball 1-0: Ball 2-0: Ball 3-0: Called Strike 3-1: Swinging Strike 3-2: Foul Ball, location: 2F 3-2: Strikes out swinging
|
|
Pitching: RHP Adam Robinson
|
|
|
Batting: SHB Gustavo Froio
|
0-0: Ball 1-0: Ground out 5-3 (Groundball, 56S, EV 68.1 MPH)
|
| Top of the 8th over - 0 runs, 0 hits, 0 errors, 0 left on base; Billings 2 - Helena 6 |
| BOTTOM OF THE 8TH |
|
Helena Brewers batting - Pitching for Billings Mustangs : RHP Juan Oliveros
|
|
Batting: RHB Manny Olave
|
0-0: Ball 1-0: Foul Ball, location: 2F 1-1: Ball 2-1: DOUBLE (Flyball, 8LXD, EV 113.1 MPH)
|
|
Batting: RHB Daniel Pena
|
0-0: Ball 1-0: Swinging Strike 1-1: Foul Ball, location: 2F 1-2: Ground out 5-3 (Groundball, 5, EV 90.6 MPH)
|
|
Batting: RHB Frank Pena
|
0-0: Ball 1-0: 2-RUN HOME RUN (Flyball, 78XD, EV 103.8 MPH), Distance : 409 ft
|
|
Batting: LHB Alex Chairez
|
0-0: Foul Ball, location: 2F 0-1: Ball 1-1: Swinging Strike 1-2: Ball 2-2: Ball 3-2: SOLO HOME RUN (Flyball, 9D, EV 95.6 MPH), Distance : 383 ft
|
|
Pitching: RHP Roger Whitaker
|
|
|
Batting: RHB Steve Errico
|
0-0: Swinging Strike 0-1: Ball 1-1: Ball 2-1: Foul Ball, location: 2F 2-2: Strikes out looking
|
|
Batting: RHB Fernando Mejia
|
0-0: Ball 1-0: Fly out, F8 (Flyball, 8RD, EV 95.0 MPH)
|
| Bottom of the 8th over - 3 runs, 3 hits, 0 errors, 0 left on base; Billings 2 - Helena 9 |
| TOP OF THE 9TH |
|
Billings Mustangs batting - Pitching for Helena Brewers : RHP Adam Robinson
|
|
Pinch Hitting: RHB Declan Eichele
|
0-0: Called Strike 0-1: Swinging Strike 0-2: Strikes out swinging
|
|
Batting: RHB Emanuel Estrada
|
0-0: Foul Ball, location: 2F 0-1: Ball 1-1: Foul Ball, location: 2F 1-2: Strikes out swinging, 2-3 out at first.
|
|
Batting: RHB Alex Nagera
|
0-0: Ground out 5-3 (Groundball, 56S, EV 89.4 MPH)
|
| Top of the 9th over - 0 runs, 0 hits, 0 errors, 0 left on base; Billings 2 - Helena 9 |
|